 Dungeon Crawl Stone Soup version 0.28-a0-863-g8cecda6153 (console) character file.

Game seed: 7987165287014256934

1099 jejorda2 the Slasher (level 8, 0/76 HPs)
             Began as a Gargoyle Berserker on Nov 18, 2021.
             Was a Believer of Trog.
             Slain by Duvessa (2 damage)
             ... on level 5 of the Dungeon.
             The game lasted 00:11:51 (5664 turns).

jejorda2 the Slasher (Gargoyle Berserker)           Turns: 5664, Time: 00:11:51

Health: 0/76       AC: 15    Str: 23    XL:     8   Next: 32%
Magic:  8/8        EV:  8    Int:  8    God:    Trog [**....]
Gold:   88         SH:  0    Dex:  9    Spells: 7/7 levels left

rFire   . . .      SeeInvis .   a - +0 long sword
rCold   . . .      Faith    .   (no shield)
rNeg    + . .      Spirit   .   m - +0 chain mail
rPois   ∞          Reflect  .   (no helmet)
rElec   +          Harm     .   i - scarf {shadows}
rCorr   .          Rampage  .   (no gloves)
Will    +....                   (no boots)
Stlth   ..........              (no amulet)
HPRegen 0.22/turn               k - ring of willpower
MPRegen 0.11/turn               (no ring)

@: berserking (expiring), very quick
A: sickness immunity, AC +5, negative energy resistance 1, electricity
resistance, torment resistance 1, petrification resistance
a: Renounce Religion, Berserk, Trog's Hand


You were on level 5 of the Dungeon.
You worshipped Trog.
Trog was pleased with you.
You visited 1 branch of the dungeon, and saw 5 of its levels.
You also visited: Sewer.

You collected 170 gold pieces.
You spent 82 gold pieces at shops.

Inventory:

Hand Weapons
 a - a +0 long sword (weapon)
 d - a +2 dagger of venom
Missiles
 c - 8 javelins (quivered)
 e - 5 curare-tipped darts
 o - 10 poisoned darts
Armour
 i - a scarf of shadows (worn)
 m - a +0 chain mail (worn)
Jewellery
 k - a ring of willpower (left hand)
Wands
 r - a wand of charming (5)
Scrolls
 f - a scroll of fear {unknown}
 h - a scroll of enchant armour {unknown}
 j - 3 scrolls of brand weapon {unknown}
 l - 6 scrolls of teleportation {unknown}
 n - a scroll of blinking
 t - a scroll of enchant weapon {unknown}
Potions
 b - a potion of lignification {unknown}
 g - a potion of might {unknown}
 p - 2 potions of mutation {unknown}
 q - a potion of invisibility {unknown}
 s - 4 potions of flight


   Skills:
 - Level 6.0 Fighting
 * Level 6.8 Long Blades
 + Level 5.6 Armour
 - Level 1.5 Dodging


You had 7 spell levels left.
You didn't know any spells.
Your spell library was empty.

Dungeon Overview and Level Annotations

Branches:
Dungeon (5/15)             Temple (0/1) D:5           Sewer (visited)

Altars:
Cheibriados
Qazlal
Sif Muna
Uskayaw
Xom

Shops:
D:1 [   D:2 (=((   D:3 *

Annotations:
D:5 Duvessa


Innate Abilities, Weirdness & Mutations

You are immune to sickness and miasma.
Your stone body is resilient. (AC +5)
You are immune to poison.
You resist negative energy. (rN+)
You are resistant to electric shocks. (rElec)
You are resistant to unholy torment.
You are immune to petrification.


Message History

A red film seems to cover your vision as you go berserk!
You feel yourself moving faster!
You feel mighty!
Duvessa hits you with a +2 short sword of protection!
Duvessa hits you but does no damage.
You hit Duvessa but do no damage.
Duvessa hits you with a +2 short sword of protection!
You hit Duvessa.
Duvessa is lightly wounded.
Duvessa hits you with a +2 short sword of protection.
You slash Duvessa!
Duvessa is moderately wounded.
Duvessa hits you with a +2 short sword of protection.
You slash Duvessa!
Duvessa is moderately wounded.
Duvessa hits you with a +2 short sword of protection!
You hit Duvessa but do no damage.
Duvessa is moderately wounded.
Duvessa barely misses you.
You closely miss Duvessa.
Duvessa is moderately wounded.
Duvessa hits you with a +2 short sword of protection.
You barely miss Duvessa.
Duvessa is moderately wounded.
Duvessa hits you with a +2 short sword of protection.
* * * LOW HITPOINT WARNING * * *
You closely miss Duvessa.
Duvessa is moderately wounded.
Duvessa hits you but does no damage.
You slash Duvessa!
Duvessa is heavily wounded.
Duvessa hits you with a +2 short sword of protection!
* * * LOW HITPOINT WARNING * * *
You slash Duvessa!
Duvessa is severely wounded.
Duvessa hits you with a +2 short sword of protection!
* * * LOW HITPOINT WARNING * * *
You slash Duvessa!
Duvessa is almost dead.
Duvessa hits you with a +2 short sword of protection.
You die...

......###.....†##+,,,,,**
.......#......#≈≈#,,,,,,**
.......#.#.#.##≈≈##,,,,,,*
.............#≈≈≈≈#,,,,,,*
.........#...#≈≈≈≈#,,,,,,*
...........#.##≈≈##,,,,,,*
...>...#......#≈≈#,,,,,,,*
)......#..#..##'e##,,,,,,*
...#.....##..#≈≈@≈#,,,,,,*
..##.###.##..######,,,,,,*
..##.#*.......,,,,,,,,,,,*
....,##.##.....,,,,,,,,,,*****
.##..,#.*#......,,,,,,,,,,,,,*
..,...,,***,,,,,,,,,,,,,,,,,,*
...,..,****,,,,,,,**,,,,,,,,,*
,,,*,,,***,,,*******,,,,,,,,,*
,,,,,,,,,,,,****,,,,,,,,,,,,,*


You could see Duvessa (berserk).

Vanquished Creatures
  Grinder (D:5)
  2 water moccasins
  A black bear (D:4)
  The ghost of SmokeWeed the Slasher, an amateur MiGl (D:4)
  A kobold brigand (D:4)
  2 scorpions (D:4)
  Dowan (D:5)
  A hound (D:4)
  Natasha (twice) (D:2)
  2 orc wizards (D:3)
  A hound zombie (D:5)
  5 adders
  An ufetubus (D:4)
  2 worms
  2 orcs (D:3)
  7 ball pythons
  3 bats (D:1)
  6 endoplasms
  7 giant cockroaches
  5 hobgoblins
  10 jackals
  A quokka (D:2)
  A frilled lizard (D:3)
  5 goblins
  8 kobolds
  3 rats
81 creatures vanquished.

Vanquished Creatures (collateral kills)
  An iguana (D:5)
  A howler monkey skeleton (D:5)
  A river rat (D:5)
  A worm (D:5)
  2 giant cockroaches (D:5)
6 creatures vanquished.

Vanquished Creatures (others)
  Natasha (D:2)
1 creature vanquished.

Grand Total: 88 creatures vanquished

Notes
Turn   | Place    | Note
-------+----------+-------------------------------------------
     0 | D:1      | jejorda2 the Gargoyle Berserker began the quest for the
                  | Orb.
     0 | D:1      | Reached XP level 1. HP: 14/14 MP: 1/1
   153 | D:1      | Found Recubli's Armour Shoppe.
   193 | D:1      | Reached XP level 2. HP: 8/19 MP: 2/2
  1154 | D:1      | Found a faded altar of an unknown god.
  1336 | D:2      | Reached XP level 3. HP: 21/24 MP: 3/3
  1498 | D:2      | Found Pagipn's Jewellery Emporium.
  1504 | D:2      | Found Guwk's Weapon Emporium.
  1744 | D:2      | Reached ** piety under Trog
  1796 | D:2      | Noticed Natasha
  1810 | D:2      | Killed Natasha
  1811 | D:2      | Reached XP level 4. HP: 15/29 MP: 4/4
  1968 | D:2      | Found Suuqay's Antique Weapon Shoppe.
  2203 | D:2      | Found Keam's Antique Weapon Shoppe.
  2207 | D:2      | Noticed Natasha
  2216 | D:2      | Killed Natasha
  2217 | D:2      | Reached XP level 5. HP: 25/33 MP: 5/5
  2387 | D:2      | Noticed Natasha
  2411 | D:2      | Killed Natasha
  2693 | D:2      | Found a stormy altar of Qazlal.
  2962 | D:3      | Found Qerif's General Store.
  3109 | D:3      | Bought a scroll of blinking for 82 gold pieces
  3737 | D:3      | Found a faded altar of an unknown god.
  3743 | D:3      | Found a shimmering altar of Xom.
  3745 | D:3      | Found a hide-covered altar of Uskayaw.
  3747 | D:3      | Found a faded altar of an unknown god.
  3750 | D:3      | Found a shimmering blue altar of Sif Muna.
  3840 | D:4      | Found a snail-covered altar of Cheibriados.
  3983 | D:4      | Noticed a black bear
  3987 | D:4      | Killed a black bear
  3988 | D:4      | Reached XP level 6. HP: 39/39 MP: 6/6
  4062 | D:4      | Reached skill level 5 in Long Blades
  4086 | D:4      | Noticed a water moccasin
  4086 | D:4      | Noticed SmokeWeed's ghost (amateur MiGl)
  4087 | D:4      | Found a transporter.
  4091 | D:4      | Found a transporter.
  4148 | D:4      | Found a stormy altar of Qazlal.
  4603 | D:4      | Reached skill level 5 in Fighting
  4603 | D:4      | Reached XP level 7. HP: 44/44 MP: 7/7
  5188 | D:4      | Killed SmokeWeed's ghost
  5246 | D:5      | Entered Level 5 of the Dungeon
  5263 | D:5      | Noticed Dowan
  5285 | D:5      | Killed Dowan
  5286 | D:5      | Reached skill level 5 in Armour
  5287 | D:5      | Noticed Grinder
  5287 | D:5      | Paralysed by Grinder for 7 turns
  5297 | D:5      | Killed Grinder
  5298 | D:5      | Reached XP level 8. HP: 46/51 MP: 8/8
  5318 | D:5      | Noticed Duvessa
  5341 | D:5      | Found a glowing drain.
  5347 | Sewer    | Entered a sewer
  5663 | D:5      | HP: 2/76 [Duvessa (8)]
  5664 | D:5      | Slain by Duvessa

Illustrated notes

Levels and vault maps discovered:
D:1:      minmay_arrival_split_and_join, layout_basic,
          shapermc_ecumenical_altar_rom_forum, serial_shops, shop,
          minmay_splitting_lines, minivault_19
D:2:      layout_basic, serial_shops, nicolae_square_shop, shop, shop_fountains,
          nicolae_shop_advertising_works [nicolae_subvault_shop_adworks],
          basic_altar, uniq_natasha
D:3:      layout_basic, chequers_temple_overflow_minitemple, serial_shops,
          nicolae_lakefront_shop
D:4:      layout_loops_ring, mainiacjoe_overflow_cross_hatched,
          lemuel_coloured_pillars_altar, gammafunk_ghost_arena,
          kennysheep_another_room
D:5:      layout_rooms, old_standard_altar, temple_pool_b, gup_sewer_entry_bowl,
          uniq_duvessa, uniq_grinder, uniq_crazy_yiuf_cottage

Skill      XL: |  1  2  3  4  5  6  7  8 |
---------------+-------------------------+-----
Long Blades    | 3 4 5 6 |  6.8
Armour         | 3 4 5 |  5.6
Fighting       | 4 5 6 |  6.0
Dodging        | |  1.5

Action                   |  1- 3 |  4- 6 |  7- 9 || total
-------------------------+-------+-------+-------++-------
Melee: Falchion          |   137 |   113 |       ||   250
       Long sword        |       |    38 |   111 ||   149
Invok: Berserk           |     2 |     5 |     3 ||    10
       Trog's Hand       |       |       |     2 ||     2
Evoke: Wand              |       |       |     4 ||     4
  Use: Scroll            |       |       |     4 ||     4
Armor: Animal skin       |     5 |       |       ||     5
       Ring mail         |    71 |    22 |       ||    93
       Chain mail        |       |    67 |   124 ||   191
Dodge: Dodged            |    77 |    87 |    71 ||   235

Table legend: (Time is in decaauts)
 A = Elapsed time spent in this place.
 B = Non-inter-level travel time spent in this place.
 C = Inter-level travel time spent in this place.
 D = Time resting spent in this place.
 E = Time spent auto-exploring this place.
 F = Levels seen in this place.
 G = Mean time per level.
                   A        B        C        D        E       F      G
               +--------+--------+--------+--------+--------+-----+--------+
         Total |   5830 |   5595 |    235 |    750 |   3865 |   6 |  971.7 |
       Dungeon |   5514 |   5279 |    235 |    750 |   3596 |   5 | 1102.8 |
         Sewer |    316 |    316 |      0 |      0 |    269 |   1 |  316.0 |
               +--------+--------+--------+--------+--------+-----+--------+

Top non-repeatable levels by time:
     D:1: 1715 daAuts
     D:3: 1498 daAuts
     D:2: 1134 daAuts
     D:4: 1039 daAuts
   Sewer: 316 daAuts
     D:5: 127 daAuts
